cohdb
Replays
Latest Replays
All Replays
Popular Replays
Top Player Replays
Match Explorer
How It Works
Community
CoH3 Stats
Reddit
Sign in to upload your games and track your stats! →
Sign in with Steam
Match 24072117
Unlisted
Match 24072117
Overview
Messages
Build Orders
End
Kettenkrad Recon Vehicle
Construct Infanterie Kompanie
Selects Mechanized Battlegroup
MG 42 Machine Gun Team
MG 42 Machine Gun Team
GrW 34 Mortar Team
Construct Panzergrenadier Kompanie
Panzergrenadier Squad
Panzergrenadier Squad
Selects Spotting Scopes
Pak 40 Anti-tank Gun Team
Pak 40 Anti-tank Gun Team
Medical Bunker
Construct Panzer Kompanie
Selects Wespe Self-propelled Artillery
Wespe Self-propelled Artillery
Wespe Self-propelled Artillery
Wespe Self-propelled Artillery
Selects Raid Package
Selects 8 Rad Armored Car
Selects UNKNOWN (2160084)
iceman
insane
UH|XTC
UH|dun! ツ
Akatsuki
freksone
turab
Daz
0
0
Comments
sign in to comment!
No comments posted yet!